 Dungeon Crawl Stone Soup version 0.29-a0-369-gd956c00756 (webtiles) character file.

Game seed: 14784679526060470136

117779 mandarbmax the Scorcher (level 16, -2/149 HPs)
             Began as a Black Draconian Fire Elementalist on May 1, 2022.
             Was an Initiate of Gozag.
             Killed from afar by Roxanne (31 damage)
             ... with a crystal spear
             ... on level 1 of the Shoals.
             The game lasted 02:08:57 (35048 turns).

mandarbmax the Scorcher (DrFE)                     Turns: 35048, Time: 02:08:57

Health: -2/149     AC: 18    Str: 11    XL:     16   Next: 24%
Magic:  2/39       EV: 16    Int: 34    God:    Gozag
Gold:   4411       SH:  5    Dex: 13    Spells: 1/35 levels left

rFire   + + .      SeeInvis .   k - +10 short sword of Ignis's Approval {freeze, Int+6}
rCold   x . .      Faith    .   y - +0 buckler
rNeg    . . .      Spirit   .   (body armour unavailable)
rPois   +          Reflect  .   G - +0 hat of Eturph {*Slow rF+ MP+9}
rElec   +          Harm     .   e - +2 cloak
rCorr   .          Rampage  .   f - +2 pair of gloves
Will    ++...                   n - +2 pair of boots
Stlth   +++.......              x - amulet of magic regeneration
HPRegen 0.34/turn               p - ring "Ogenkiew" {Fire rPois Will+ Stlth+}
MPRegen 0.66/turn               A - +6 ring of intelligence

@: short of breath, gold aura, flying, hasted, invisible, very quick
A: breathe lightning, AC +9, unfitting armour, big wings, electricity
resistance, cold-blooded
a: Breathe Lightning, Renounce Religion, Potion Petition, Call Merchant, Bribe
Branch


You were on level 1 of the Shoals.
You worshipped Gozag.
Gozag was most pleased with you.
You visited 5 branches of the dungeon, and saw 25 of its levels.
You also visited: Sewer, Ossuary and Gauntlet.

You collected 8692 gold pieces.
You spent 2959 gold pieces at shops.
You paid 1322 gold pieces to Gozag.

Inventory:

Hand Weapons
 k - the +10 short sword of Ignis's Approval (weapon) {freeze, Int+6}
   (You found it on level 3 of the Lair of Beasts)

   It freezes those it strikes, dealing additional cold damage.
   It can also slow down cold-blooded creatures.
   Int:       It affects your intelligence (+6).
Missiles
 T - 2 throwing nets
Armour
 e - a +2 cloak (worn)
 f - a +2 pair of gloves (worn)
 l - a scarf of repulsion
 n - a +2 pair of boots (worn)
 y - a +0 buckler (worn)
 G - the +0 hat of Eturph (worn) {*Slow rF+ MP+9}
   (You found it on level 4 of the Lair of Beasts)

   rF:        It protects you from fire.
   MP:        It affects your magic capacity (+9).
   *Slow:     It may slow you when you take damage.
 J - a +2 pair of boots
Jewellery
 p - the ring "Ogenkiew" (left hand) {Fire rPois Will+ Stlth+}
   (You found it in a Gauntlet)

   [ring of fire]

   It enhances your fire magic.
   rF:        It protects you from fire.
   rC:        It makes you vulnerable to cold.
   rPois:     It protects you from poison.
   Will:      It increases your willpower.
   Stlth:     It makes you more stealthy.
 q - the ring "Ykut" {rElec rN+ Str+4 Dex+4}
   (You found it on level 4 of the Lair of Beasts)

   [ring of positive energy]

   Str:       It affects your strength (+4).
   Dex:       It affects your dexterity (+4).
   rElec:     It insulates you from electricity.
   rN:        It protects you from negative energy.
 r - a ring of protection from cold
 x - an amulet of magic regeneration (around neck)
 A - a +6 ring of intelligence (right hand)
 M - a ring of willpower
 Z - the ring of Luossut {rPois rF+ Dex+4}
   (You bought it in a shop on level 8 of the Dungeon)

   [ring of protection from fire]

   Dex:       It affects your dexterity (+4).
   rF:        It protects you from fire.
   rPois:     It protects you from poison.
Wands
 m - a wand of mindburst (4)
 w - a wand of flame (85)
 C - a wand of digging (5)
 N - a wand of iceblast (8)
 Q - a wand of polymorph (9)
 R - a wand of charming (2)
 V - a wand of acid (6)
Scrolls
 b - 5 scrolls of magic mapping
 c - 5 scrolls of fear
 g - 7 scrolls of blinking
 j - 9 scrolls of teleportation
 o - 6 scrolls of amnesia
 s - 5 scrolls of identify
 u - 2 scrolls of holy word
 v - 3 scrolls of summoning
 B - a scroll of brand weapon
 H - 5 scrolls of fog
 I - 2 scrolls of torment
 O - 4 scrolls of immolation
 S - a scroll of enchant weapon
 U - a scroll of silence
 W - 3 scrolls of enchant armour
Potions
 a - a potion of magic
 h - 4 potions of mutation
 i - 6 potions of attraction
 t - 5 potions of berserk rage
 z - 2 potions of resistance
 D - 4 potions of cancellation
 E - 5 potions of might
 K - 3 potions of heal wounds
 L - 9 potions of curing
 P - a potion of invisibility
 X - 5 potions of haste
 Y - 4 potions of lignification
Miscellaneous
 d - a condenser vane
 F - a tin of tremorstones (1/2)


   Skills:
 - Level 15.0 Fighting
 + Level 10.6 Dodging
 - Level 1.7 Stealth
 - Level 6.0 Shields
 - Level 10.0 Spellcasting
 - Level 10.0 Conjurations
 - Level 17.0 Fire Magic
 + Level 1.8 Ice Magic
 - Level 8.0 Evocations


You had one spell level left.
You knew the following spells:

 Your Spells              Type           Power      Damage    Failure   Level
a - Foxfire               Conj/Fire      100%       2x1d9     0%          1
b - Scorch                Fire           100%       2d10      0%          2
c - Ignition              Fire           57%        3d16      21%         8
d - Fireball              Conj/Fire      52%        3d20      1%          5
e - Sticky Flame          Conj/Fire      100%       2d11      1%          4
f - Starburst             Conj/Fire      52%        6d14      1%          6
g - Freezing Cloud        Conj/Ice/Air   21%        6-21      19%         5
h - Ozocubu's Armour      Ice            29%        N/A       4%          3

Your spell library contained the following spells:

 Spells                   Type           Power      Damage    Failure   Level
 Animate Skeleton         Necr           34%        N/A       3%          1
 Apportation              Tloc           34%        N/A       3%          1
 Beastly Appendage        Tmut           34%        N/A       3%          1
 Sandblast                Erth           34%        2d9       3%          1
 Summon Small Mammal      Summ           68%        N/A       3%          1
 Static Discharge         Conj/Air       50%        N/A       1%          2
 Conjure Flame            Conj/Fire      100%       6-21      1%          3
 Ignite Poison            Fire/Tmut/Pois 70%        N/A       1%          3
 Inner Flame              Hex/Fire       84%        N/A       1%          3
 Stone Arrow              Conj/Erth      100%       3d13      1%          3
 Flame Wave               Conj/Fire      100%       2d17      1%          4
 Mephitic Cloud           Conj/Pois/Air  39%        N/A       2%          3
 Hailstorm                Conj/Ice       55%        3d12      3%          4
 Corpse Rot               Necr/Air       34%        N/A       4%          2
 Passwall                 Tmut/Erth      14%        N/A       4%          2
 Poisonous Vapours        Pois/Air       34%        N/A       4%          2
 Wereblood                Tmut           17%        N/A       4%          2
 Call Canine Familiar     Summ           17%        N/A       10%         3
 Portal Projectile        Hex/Tloc       34%        N/A       10%         3
 Spider Form              Tmut/Pois      17%        N/A       10%         3
 Summon Guardian Golem    Hex/Summ       17%        N/A       10%         3
 Irradiate                Conj/Tmut      25%        3d21      12%         5
 Ice Form                 Ice/Tmut       23%        N/A       22%         4
 Leda's Liquefaction      Hex/Erth       8%         N/A       32%         4
 Petrify                  Tmut/Erth      17%        N/A       32%         4
 Summon Lightning Spire   Summ/Air       17%        N/A       32%         4
 Orb of Destruction       Conj           35%        9d10      43%         7
 Metabolic Englaciation   Hex/Ice        11%        N/A       54%         5
 Alistair's Intoxication  Tmut/Pois      11%        N/A       67%         5
 Blade Hands              Tmut           8%         N/A       67%         5
 Simulacrum               Ice/Necr       11%        N/A       98%         6
 Spellforged Servitor     Conj/Summ      25%        N/A       98%         7
 Statue Form              Tmut/Erth      11%        N/A       99%         6
 Dragon Form              Tmut           8%         N/A       100%        7
 Ozocubu's Refrigeration  Ice            14%        4d7       100%        7
 Lehudib's Crystal Spear  Conj/Erth      25%        10d7      100%        8
 Maxwell's Capacitive Co  Air            8%         ∞         100%        8
 Animate Armour           Summ/Erth      Unusable   N/A       N/A         4

Dungeon Overview and Level Annotations

Branches:
Dungeon (15/15)            Temple (1/1) D:6            Lair (6/6) D:10
 Shoals (1/4) Lair:2        Snake (0/4) Lair:4        Slime (0/5) Lair:6
    Orc (2/2) D:10            Elf (0/3) Orc:2        Vaults (0/5) D:13
 Depths (0/4) D:15          Sewer (visited)         Ossuary (visited)
Gauntlet (visited)

Altars:
Ashenzari
Cheibriados
Dithmenos
Elyvilon
Fedhas
Gozag
Hepliaklqana
Kikubaaqudgha
Makhleb
Nemelex Xobeh
Okawaru
Qazlal
Ru
Sif Muna
Trog
Uskayaw
Vehumet
Wu Jian
Xom
Yredelemnul
Zin
The Shining One
Beogh
Jiyva

Shops:
D:8 =   D:9 (   D:11 ::   Orc:2 =[*(

Portals:
Trove: D:13 (give +7 demon blade)

Annotations:
Shoals:1 Roxanne


Innate Abilities, Weirdness & Mutations

You can breathe wild blasts of lightning.
Your glossy black scales are hard. (AC +9)
You cannot fit into any form of body armour.
Your large and strong wings let you fly.
You are resistant to electric shocks. (rElec)
You are cold-blooded and may be slowed by cold attacks.


Message History

Roxanne's fire resistance burns away.
You carefully extract the barbed spikes from your body.
Roxanne is distracted by your dazzling golden aura.
The tremorstone explodes into fragments!
The burst of rock shards engulfs you!
* * * LOW HITPOINT WARNING * * *
The merfolk impaler is no longer distracted by gold.
Unknown command.
Activating: Breathe Lightning (1% risk of failure)
Press: ? - help, Dir - look around, f - activate You breathe a wild blast of lightning!
You hear a mighty clap of thunder!
The orb of electricity explodes! x2
You hear a mighty clap of thunder!
The bolt of lightning hits the plant!
The plant begins to die.
The plant is lightly damaged.
You hear a screech!
You hear a shout! x2; You hear an angry hiss.
Unknown command.
Casting: Scorch (safe; 0% risk of failure)
Confirm with . or Enter, or press ? or * to list all spells.
Casting: Starburst (dangerous; 1% risk of failure)
Press: ? - help, Dir - look around, f - activate You feel a surge of power!
The bolt of fire hits Roxanne!!
Roxanne resists.
Roxanne is almost destroyed.
Roxanne is no longer distracted by gold.
Aiming: Corrosive Bolt
Press: ? - help, Shift-Dir - straight line, f - Roxanne
Aim: Roxanne (almost destroyed, can't see you, more vulnerable to fire, 100% to hit)
The bolt of acid hits Roxanne!!
Roxanne is almost destroyed.
The merfolk impaler is engulfed in a cloud of scalding steam.
Okay, then.
Search for what [Enter for "demon", or ? for help]? ambr Can't find anything matching that.
Okay, then.
Roxanne is no longer more vulnerable to fire.
Roxanne casts a spell.
The crystal spear hits you!!
You die...
Your body crumbles into a pile of gold.

##..PP.≈≈≈...≈≈≈≈
≈≈.....≈≈.....≈≈≈
≈≈............≈≈≈
≈≈≈≈..≈≈...........≈≈≈
≈≈≈≈≈≈≈≈≈≈≈≈≈.......≈≈≈
≈≈≈≈≈≈≈≈≈≈≈≈≈........≈≈
≈≈§≈≈≈≈§§≈≈≈≈§.......≈.
≈≈§≈≈≈≈≈≈^§$m.§@..$..$#
≈≈§≈.≈≈≈§.§............
≈≈≈≈≈≈≈.....$8$........
≈≈≈≈≈≈≈.($..$..<.......
≈≈≈≈≈≈≈.$$.........≈≈≈≈
.≈.≈≈$≈..........≈≈≈≈≈≈
...≈≈≈≈........≈≈≈≈≈≈≈≈
#...≈≈≈.......≈≈≈≈≈≈≈≈≈
#....#.......≈≈≈≈≈≈§§≈≈


You could see Roxanne (can't see you) and a merfolk impaler (can't see you).

Vanquished Creatures
  Jorgrun (D:15)
  An acid blob (Lair:6)
  An orc warlord (Orc:2)
  A minotaur (Gauntlet)
  An entropy weaver (Gauntlet)
  2 fire dragons
  Harold (D:10)
  7 boulder beetles
  6 hydras
  3 vault guards (D:13)
  A two-headed ogre (D:9)
  2 death knights
  5 centaur warriors
  5 orc high priests
  A tengu warrior (D:15)
  Amaemon (D:8)
  A fire crab (Gauntlet)
  10 skeletal warriors
  A wretched star (Gauntlet)
  24 slime creatures
  A sea snake (Shoals:1)
  2 goliath frogs (Lair:6)
  7 orc knights
  A swamp dragon (Lair:5)
  6 deep elf pyromancers
  Pikel (D:4)
  3 harpies (Shoals:1)
  5 wizards
  3 lindwurms
  A phantasmal warrior (D:15)
  2 necromancers
  4 ugly things
  7 orc sorcerers
  6 manticores
  A wolf spider (Lair:4)
  4 cyclopes
  Maurice (D:8)
  8 elephants
  Joseph (D:8)
  4 black mambas
  An orange demon (D:8)
  A torpor snail (Lair:2)
  2 centaur skeletons (D:15)
  Maggie (D:7)
  A minotaur zombie (Gauntlet)
  19 cane toads
  A kobold demonologist (D:6)
  A rime drake (Lair:3)
  Psyche (D:8)
  3 unseen horrors
  A redback zombie (D:15)
  An efreet (D:13)
  3 freezing wraiths
  2 guardian mummies (D:13)
  The ghost of Sweeb the Slasher, a novice TeGl of Dithmenos (D:5)
  A komodo dragon (shapeshifter) (D:14)
  12 komodo dragons
  5 yaktaurs
  5 trolls
  2 tyrant leeches (Lair:6)
  6 meliai
  2 merfolk (Shoals:1)
  A wind drake (Lair:2)
  Prince Ribbit (D:7)
  4 hornets
  A polar bear (Lair:2)
  A tarantella (Lair:4)
  29 blink frogs
  A raiju (Gauntlet)
  A snapping turtle (Shoals:1)
  A centaur simulacrum (D:14)
  3 jumping spiders
  38 yaks
  3 shadows
  2 wraiths
  2 fire bats (Gauntlet)
  4 basilisks
  5 wyverns
  A neqoxec (Gauntlet)
  19 humans (D:13)
  The ghost of spaghetti the Ruffian, an amateur NaWn of Makhleb (D:3)
  2 redbacks (Lair:4)
  5 vampire mosquitoes (Lair:6)
  3 steam dragons
  4 swamp worms (D:12)
  2 nagas (Lair:4)
  3 acid dragons
  A floating eye (shapeshifter) (D:9)
  8 wargs
  9 water moccasins
  34 orc warriors
  2 sky beasts
  2 black bears (Lair:1)
  7 ogres
  18 wolves
  8 centaurs
  A lemure (D:4)
  2 phantoms
  3 kobold brigands
  19 bullfrogs
  2 necrophages
  2 gnoll sergeants
  2 scorpions
  3 water moccasin zombies (Ossuary)
  24 wights
  10 killer bees
  2 electric eels (Lair:6)
  4 howler monkeys
  4 lava snakes (Lair:4)
  Crazy Yiuf (D:4)
  A hound (D:6)
  5 jellies
  13 orc priests
  3 gnoll shamans
  4 iguanas
  Natasha (twice) (D:4)
  24 orc wizards
  5 hell rats (Lair:2)
  2 mummies (Ossuary)
  20 gnolls
  12 adders
  3 white imps
  4 ufetubi
  5 adder zombies (Ossuary)
  2 worms
  121 orcs
  12 endoplasms
  10 giant cockroaches
  3 goblins (D:4)
  5 hobgoblins
  3 jackals (D:5)
  16 kobolds
  6 quokkas
  13 ball pythons
  4 bats (D:1)
  16 frilled lizards
  2 gnoll zombies (Ossuary)
  8 hobgoblin zombies (Ossuary)
  5 kobold zombies (Ossuary)
  4 orc zombies (Ossuary)
  4 rats
857 creatures vanquished.

Vanquished Creatures (collateral kills)
  2 foxfires (Lair:6)
2 creatures vanquished.

Vanquished Creatures (others)
  An orc wizard (D:6)
  An orc (D:8)
  A demonic plant (Gauntlet)
  1807 foxfires
  33 fungi
  106 plants
1949 creatures vanquished.

Grand Total: 2808 creatures vanquished

Notes
Turn   | Place    | Note
-------+----------+-------------------------------------------
     0 | D:1      | mandarbmax the Draconian Fire Elementalist began the quest
                  | for the Orb.
     0 | D:1      | Reached XP level 1. HP: 14/14 MP: 3/3
   329 | D:1      | Reached XP level 2. HP: 20/20 MP: 1/5
  1209 | D:1      | Learned a level 2 spell: Scorch
  1252 | D:1      | Reached XP level 3. HP: 26/26 MP: 2/6
  2030 | D:2      | Found a white marble altar of Elyvilon.
  2527 | D:3      | Found a faded altar of an unknown god.
  2661 | D:3      | Found a glowing drain.
  2664 | D:3      | Reached XP level 4. HP: 33/33 MP: 2/7
  2672 | Sewer    | Entered a sewer
  2713 | Sewer    | Learned a level 4 spell: Flame Wave
  3269 | Sewer    | Noticed a bullfrog
  3269 | Sewer    | Noticed a bullfrog
  3273 | Sewer    | Killed a bullfrog
  3274 | Sewer    | Reached skill level 4 in Fire Magic
  3274 | Sewer    | Reached XP level 5. HP: 38/38 MP: 2/8
  3776 | D:3      | Found a runed translucent gate.
  3776 | D:3      | Found a runed translucent gate.
  3776 | D:3      | Found a runed translucent gate.
  3779 | D:3      | Noticed spaghetti's ghost (amateur NaWn)
  4673 | D:3      | Killed spaghetti's ghost
  4674 | D:3      | Reached skill level 5 in Conjurations
  4674 | D:3      | Reached skill level 5 in Fire Magic
  4674 | D:3      | Reached XP level 6. HP: 22/45 MP: 1/9
  5060 | D:4      | Noticed Natasha
  5075 | D:4      | Killed Natasha
  5441 | D:4      | Found a snail-covered altar of Cheibriados.
  5483 | D:4      | Noticed Pikel
  5616 | D:4      | Your scales start taking on a glossy black colour.
  5616 | D:4      | Reached XP level 7. HP: 37/50 MP: 1/10
  5616 | D:4      | Gained mutation: You are resistant to electric shocks.
                  | (rElec) [Black Draconian growth]
  5716 | D:4      | Killed Pikel
  5717 | D:4      | Reached skill level 6 in Fire Magic
  5717 | D:4      | Reached XP level 8. HP: 22/57 MP: 2/11
  5961 | D:4      | Reached skill level 7 in Fire Magic
  6149 | D:4      | Noticed Natasha
  6155 | D:4      | Killed Natasha
  6459 | D:4      | Found a runed translucent door.
  6460 | D:4      | Noticed Crazy Yiuf
  6705 | D:4      | Killed Crazy Yiuf
  6706 | D:4      | Reached skill level 1 in Fighting
  6859 | D:5      | Entered Level 5 of the Dungeon
  6911 | D:5      | Found a runed translucent door.
  6917 | D:5      | Noticed Sweeb's ghost (novice TeGl)
  7068 | D:5      | Found a hide-covered altar of Uskayaw.
  7999 | D:5      | Killed Sweeb's ghost
  8000 | D:5      | Reached skill level 1 in Shields
  8155 | D:6      | Found a staircase to the Ecumenical Temple.
  8175 | Temple   | Entered the Ecumenical Temple
  8269 | Temple   | Became a worshipper of Gozag Ym Sagoz the Greedy
  8381 | D:6      | Reached XP level 9. HP: 50/73 MP: 3/12
  8476 | D:6      | Found a sand-covered staircase.
  8483 | Ossuary  | Entered an ossuary
  8490 | Ossuary  | Learned a level 5 spell: Fireball
  8744 | Ossuary  | Reached skill level 5 in Fighting
  9179 | D:6      | Reached skill level 5 in Dodging
  9754 | D:6      | Noticed a kobold demonologist
  9756 | D:6      | Noticed a troll
  9771 | D:6      | Killed a kobold demonologist
  9788 | D:6      | Killed a troll
  9789 | D:6      | Reached skill level 8 in Fire Magic
 10804 | D:7      | Identified the +6 hand axe "Hoedinec" {drain, MP+9 Int+2}
 10999 | D:7      | Noticed Prince Ribbit
 11007 | D:7      | Killed Prince Ribbit
 11008 | D:7      | Reached XP level 10. HP: 88/88 MP: 12/13
 11028 | D:7      | Reached skill level 9 in Fire Magic
 11591 | D:7      | Found a stormy altar of Qazlal.
 11591 | D:7      | Found a blossoming altar of Fedhas.
 11634 | D:7      | Found an ornate altar of the Wu Jian Council.
 11846 | D:7      | Found a white marble altar of Elyvilon.
 11881 | D:7      | Noticed Maggie
 11888 | D:7      | Killed Maggie
 11889 | D:7      | Reached skill level 10 in Fire Magic
 12036 | D:8      | Found Pifoj's Jewellery Shop.
 12183 | D:8      | Noticed Joseph
 12196 | D:8      | Killed Joseph
 12411 | D:8      | Noticed Psyche
 12412 | D:8      | Noticed Maurice
 12463 | D:8      | Killed Psyche
 12464 | D:8      | Reached skill level 11 in Fire Magic
 12586 | D:8      | Noticed an orange demon
 12588 | D:8      | Noticed Amaemon
 12595 | D:8      | Killed an orange demon
 12596 | D:8      | Killed Amaemon
 12597 | D:8      | Reached skill level 12 in Fire Magic
 12707 | D:8      | Reached XP level 11. HP: 90/94 MP: 7/14
 13307 | D:8      | Killed Maurice
 13460 | D:9      | Reached skill level 13 in Fire Magic
 13487 | D:9      | Found Dahaikor's Weapon Shoppe.
 13967 | D:9      | Noticed a centaur warrior
 13970 | D:9      | Noticed a fire crab
 13971 | D:9      | Killed a centaur warrior
 13971 | D:9      | Noticed a centaur warrior
 13972 | D:9      | Noticed a fire dragon
 13972 | D:9      | Noticed a deep elf pyromancer
 14289 | D:9      | Identified the +4 falchion of the Grave {holy, Fly MP+9
                  | Stlth+}
 14327 | D:9      | Noticed a two-headed ogre
 14339 | D:9      | Killed a two-headed ogre
 14340 | D:9      | Reached skill level 14 in Fire Magic
 14691 | D:9      | Killed a deep elf pyromancer
 14701 | D:9      | Killed a centaur warrior
 14882 | D:9      | Killed a fire dragon
 14883 | D:9      | Reached skill level 15 in Fire Magic
 15198 | D:9      | Noticed a death knight
 15208 | D:9      | HP: 3/94 [death knight/+0 halberd (24)]
 15807 | D:10     | Entered Level 10 of the Dungeon
 15959 | D:10     | Found a staircase to the Orcish Mines.
 15981 | D:10     | Reached XP level 12. HP: 90/101 MP: 4/15
 16138 | D:10     | Reached skill level 16 in Fire Magic
 16189 | D:10     | Found a staircase to the Lair.
 16236 | D:10     | Noticed Harold
 16246 | D:10     | Killed Harold
 16259 | D:10     | Found a broken altar of Ashenzari.
 16264 | D:10     | Saw a vision of the Shoals and the Snake Pit.
 16264 | D:10     | Noticed an anaconda
 16265 | D:10     | Noticed an anaconda
 16879 | D:11     | Noticed a boulder beetle
 17522 | D:11     | Reached skill level 1 in Evocations
 17566 | D:8      | Bought the ring of Luossut {rPois rF+ Dex+4} for 579 gold
                  | pieces
 17660 | Lair:1   | Entered Level 1 of the Lair of Beasts
 18105 | Lair:1   | Learned a level 4 spell: Sticky Flame
 18804 | Lair:2   | Found a staircase to the Shoals.
 19911 | Lair:3   | Reached XP level 13. HP: 92/111 MP: 5/19
 20305 | Lair:3   | Identified the +10 short sword of Ignis's Approval {freeze,
                  | Int+6}
 20420 | Lair:3   | Reached skill level 5 in Evocations
 20536 | Lair:3   | Reached skill level 5 in Spellcasting
 20918 | Lair:3   | Learned a level 6 spell: Starburst
 20947 | Lair:4   | Reached skill level 10 in Fighting
 21134 | Lair:4   | Found a gate leading to a gauntlet.
 21143 | Gauntlet | Entered a Gauntlet
 21143 | Gauntlet | Found a transporter.
 21384 | Gauntlet | Found a transporter.
 21386 | Gauntlet | Found a transporter.
 21387 | Gauntlet | Found a transporter.
 21395 | Gauntlet | Found a transporter.
 21398 | Gauntlet | Found a transporter.
 21399 | Gauntlet | Found a transporter.
 21408 | Gauntlet | Found a transporter.
 21411 | Gauntlet | Found a transporter.
 21412 | Gauntlet | Found a transporter.
 21423 | Gauntlet | Found a transporter.
 21423 | Gauntlet | Found a transporter.
 21424 | Gauntlet | Found a transporter.
 21431 | Gauntlet | Found a runed translucent door.
 21434 | Gauntlet | Found a transporter.
 21434 | Gauntlet | Noticed an entropy weaver
 21934 | Gauntlet | Identified the ring "Ogenkiew" {Fire rPois Will+ Stlth+}
 22228 | Gauntlet | Killed an entropy weaver
 22261 | Gauntlet | Noticed a minotaur
 22269 | Gauntlet | Killed a minotaur
 22597 | Lair:4   | Found a staircase to the Snake Pit.
 23461 | Lair:4   | Found a runed translucent door.
 23640 | Lair:4   | Identified the +0 hat of Eturph {*Slow rF+ MP+9}
 23655 | Lair:4   | Identified the +7 whip of the Slime-mould {vorpal, rPois
                  | rC++ rN+ Will-}
 23657 | Lair:4   | Found a runed translucent gate.
 23657 | Lair:4   | Found a runed translucent gate.
 23657 | Lair:4   | Found a runed translucent gate.
 23657 | Lair:4   | Found a runed translucent gate.
 23658 | Lair:4   | Found a runed translucent gate.
 23660 | Lair:4   | Found a runed translucent gate.
 23950 | Lair:4   | Identified the ring "Ykut" {rElec rN+ Str+4 Dex+4}
 24018 | Lair:5   | Gained mutation: Your large and strong wings let you fly.
                  | [Black Draconian growth]
 24018 | Lair:5   | Reached XP level 14. HP: 118/126 MP: 19/23
 24513 | Lair:5   | Found a stormy altar of Qazlal.
 24942 | Lair:6   | Entered Level 6 of the Lair of Beasts
 25159 | Lair:6   | Identified the amulet "Saejely" {Faith rC- Int+4 SInv}
 25782 | Lair:6   | Found a runed translucent door.
 25783 | Lair:6   | Found a viscous altar of Jiyva.
 25783 | Lair:6   | Found a staircase to the Slime Pits.
 25783 | Lair:6   | Noticed an acid blob
 25795 | Lair:6   | Killed an acid blob
 25799 | Lair:6   | Reached skill level 17 in Fire Magic
 26455 | Orc:1    | Entered Level 1 of the Orcish Mines
 27185 | Orc:2    | Entered Level 2 of the Orcish Mines
 27391 | Orc:1    | Learned a level 8 spell: Ignition
 27578 | Orc:2    | Found a staircase to the Elven Halls.
 27863 | Orc:2    | Found Qamafutz's Jewellery Shoppe.
 27888 | Orc:2    | Reached XP level 15. HP: 120/135 MP: 26/27
 27896 | Orc:2    | Found Nabbooj's Antique Armour Shoppe.
 27954 | Orc:2    | Found Tumokai's Weapon Shop.
 27954 | Orc:2    | Found Woubri's General Store.
 28244 | Orc:2    | Noticed an orc warlord
 28257 | Orc:2    | Killed an orc warlord
 28595 | Orc:2    | Bought a runed cloak for 157 gold pieces
 28595 | Orc:2    | Bought a runed orb for 252 gold pieces
 28607 | Orc:2    | Bought a potion of mutation for 104 gold pieces
 28607 | Orc:2    | Bought a scroll of fear for 45 gold pieces
 28607 | Orc:2    | Bought a scroll of fear for 45 gold pieces
 28607 | Orc:2    | Bought a potion of haste for 130 gold pieces
 28609 | Orc:2    | Bought a +6 ring of intelligence for 877 gold pieces
 28869 | D:12     | Reached skill level 10 in Dodging
 29969 | D:13     | Found a gate to the Vaults.
 31044 | D:13     | Reached skill level 15 in Fighting
 31087 | D:13     | Found a portal to a secret trove of treasure.
 32275 | D:14     | Reached skill level 10 in Spellcasting
 32488 | D:14     | Learned a level 5 spell: Freezing Cloud
 32865 | D:15     | Entered Level 15 of the Dungeon
 32904 | D:15     | Noticed Jorgrun
 32920 | D:15     | Killed Jorgrun
 33411 | D:15     | Reached skill level 10 in Conjurations
 33444 | D:15     | Reached XP level 16. HP: 149/149 MP: 28/30
 33518 | D:15     | Reached skill level 5 in Shields
 33874 | D:15     | Identified the +0 mace "Leviticus" {antimagic, rElec rC+
                  | Int-4 Dex+4}
 34496 | D:15     | Found a staircase to the Depths.
 34945 | D:11     | Bought the Compendium of Lightness for 506 gold pieces
 34945 | D:11     | Bought Ozocubu's Autobiography for 264 gold pieces
 34950 | D:11     | Learned a level 3 spell: Ozocubu's Armour
 35006 | Shoals:1 | Entered Level 1 of the Shoals
 35006 | Shoals:1 | Noticed Roxanne
 35020 | Shoals:1 | Reached skill level 1 in Ice Magic
 35048 | Shoals:1 | Killed from afar by Roxanne

Illustrated notes

Levels and vault maps discovered:
D:1:      mushboom_english_gardens, layout_basic
D:2:      layout_basic, basic_altar
D:3:      layout_rooms, portal_sewer_entry_d, biasface_ghost_orc_armoury,
          hellmonk_ecumenical_altar_crossroads
D:4:      layout_loops_corners, kennysheep_mini, uniq_pikel,
          uniq_crazy_yiuf_cottage, uniq_natasha
D:5:      layout_loops_ring, mainiacjoe_overflow_surrounded_room,
          ebering_ghost_reflecting_pool, minmay_starry_boxes
D:6:      layout_rooms, minmay_temple_entry_arrows, nicolae_ossuary_entry_plus,
          hex_tiny, kennysheep_cross_room, grunt_ministairs_10,
          minmay_small_thing
D:7:      layout_basic, mainiacjoe_overflow_cross_hatched,
          grunt_temple_overflow_forces_of_nature, mainiacjoe_overflow_boulevard,
          uniq_maggie, uniq_prince_ribbit1
D:8:      layout_cave_pods, serial_shops, shop, uniq_amaemon, uniq_maurice,
          uniq_psyche, uniq_joseph
D:9:      minmay_the_grid_four_pointed_star_mashed
          [minmay_the_grid_triangle_9x9_zippers_horizontal,
          minmay_the_grid_triangle_9x9_longest,
          minmay_the_grid_triangle_9x9_warning,
          minmay_the_grid_triangle_9x9_checkered,
          minmay_the_grid_prize_big_room], layout_basic, serial_shops,
          nicolae_shop_bloodbath_and_beyond
D:10:     layout_roguey [special_room_orc], grunt_ashenzari_visionary
          [grunt_ashenzari_visionary_shoals, grunt_ashenzari_visionary_snake],
          minmay_lair_entry_grove, minmay_orc_entry_guard_dogs, serial_glass,
          glass_columns_c, glass_columns_a, uniq_harold
D:11:     layout_roguey
D:12:     layout_cave_pods, worms_lemuel
D:13:     layout_roguey, grunt_vaults_entry_tiered,
          nicolae_trove_entry_path_of_doom, minivault_1
D:14:     layout_loops_ring, minmay_misc_feat_columns
D:15:     grunt_enter_depths_magical_seal, layout_irregular_city, uniq_jorgrun
Temple:   regret_index_temple_waves
Lair:1:   layout_concentric_octagons, serial_bayou_pond_c, beast_lair_carwin_1
Lair:2:   layout_gridlike, minmay_shoals_entry_beasts, grunt_megastairs_2
Lair:3:   layout_chaotic_city
Lair:4:   gammafunk_indiana_jones, layout_concentric_octagons,
          guppyfry_snake_entry_garden, gauntlet_entry_generic
Lair:5:   layout_roguey, basic_altar, hibernation_bobbens
Lair:6:   minmay_lair_end_frog_pond, layout_misc_corridors, slime_altar_2,
          minivault_11, infiniplex_staircase_pool
Shoals:1: layout_shoals, portal_ice_cave_entry_ice_simulacra, st_sunken_temple,
          uniq_roxanne
Orc:1:    layout_caves, mines2_david
Orc:2:    st_orc_elflike, layout_diamond_mine, basic_altar

Skill      XL: |  1  2  3  4  5  6  7  8  9 10 11 12 13 14 15 16 |
---------------+-------------------------------------------------+-----
Dodging        | 2 4 5 6 8 9 10 | 10.6
Conjurations   | 2 3 4 5 6 7 9 10 | 10.0
Fire Magic     | 4 5 6 7 8 12 15 16 17 | 17.0
Fighting       | 4 7 8 9 12 13 15 | 15.0
Shields        | 2 4 6 |  6.0
Evocations     | 4 6 8 |  8.0
Spellcasting   | 4 6 8 10 | 10.0
Ice Magic      | 1 |  1.8
Stealth        | |  1.7

Action                   |  1- 3 |  4- 6 |  7- 9 | 10-12 | 13-15 | 16-18 || total
-------------------------+-------+-------+-------+-------+-------+-------++-------
Melee: Unarmed           |    11 |       |       |       |       |       ||    11
       Tailslap          |     3 |     7 |    23 |    13 |    28 |     2 ||    76
       Dagger            |    17 |    49 |   191 |       |       |       ||   257
       Short sword       |       |       |     2 |       |    13 |    11 ||    26
       Hand axe          |       |       |     1 |    73 |   109 |       ||   183
 Cast: Foxfire           |    84 |   121 |   248 |   435 |   163 |       ||  1051
       Scorch            |     9 |    13 |    42 |    93 |   118 |     7 ||   282
       Fireball          |       |       |     1 |    52 |   126 |    18 ||   197
       Flame Wave        |       |       |       |    20 |    11 |       ||    31
       Starburst         |       |       |       |       |   118 |    11 ||   129
       Sticky Flame      |       |       |       |       |    17 |     3 ||    20
       Ignition          |       |       |       |       |    10 |     9 ||    19
       Freezing Cloud    |       |       |       |       |     3 |       ||     3
       Ozocubu's Armour  |       |       |       |       |       |     1 ||     1
Invok: Call Merchant     |       |       |       |       |       |     2 ||     2
 Abil: Breathe Lightning |       |       |     4 |       |     7 |     2 ||    13
Evoke: Wand              |       |       |     4 |    23 |    10 |     4 ||    41
       Tin of tremorston |       |       |       |     4 |     2 |     1 ||     7
  Use: Scroll            |     4 |     7 |     9 |     7 |    13 |       ||    40
       Potion            |       |     3 |     7 |     1 |     1 |     3 ||    15
 Stab: Distracted        |       |       |     2 |     1 |     2 |       ||     5
       Sleeping          |       |       |     1 |     1 |       |       ||     2
Armor: Skin              |    10 |    29 |   134 |    72 |   128 |     4 ||   377
Dodge: Dodged            |    36 |    43 |   182 |   130 |   182 |    24 ||   597
Block: Buckler           |       |       |    55 |    40 |    58 |     6 ||   159

Table legend: (Time is in decaauts)
 A = Elapsed time spent in this place.
 B = Non-inter-level travel time spent in this place.
 C = Inter-level travel time spent in this place.
 D = Time resting spent in this place.
 E = Time spent auto-exploring this place.
 F = Levels seen in this place.
 G = Mean time per level.
                   A        B        C        D        E       F      G
               +--------+--------+--------+--------+--------+-----+--------+
         Total |  35235 |  33431 |   1804 |   4395 |  23549 |  28 | 1258.4 |
       Dungeon |  22452 |  21358 |   1094 |   3091 |  14962 |  15 | 1496.8 |
        Temple |    162 |     96 |     66 |      0 |      0 |   1 |  162.0 |
          Lair |   7504 |   7061 |    443 |    503 |   5450 |   6 | 1250.7 |
        Shoals |     31 |     31 |      0 |      0 |      0 |   1 |   31.0 |
  Orcish Mines |   2209 |   2010 |    199 |    208 |   1374 |   2 | 1104.5 |
         Sewer |   1033 |   1033 |      0 |    102 |    785 |   1 | 1033.0 |
       Ossuary |    489 |    489 |      0 |     94 |    221 |   1 |  489.0 |
      Gauntlet |   1352 |   1352 |      0 |    397 |    756 |   1 | 1352.0 |
               +--------+--------+--------+--------+--------+-----+--------+

Top non-repeatable levels by time:
     D:9: 2122 daAuts
     D:4: 1933 daAuts
    D:13: 1756 daAuts
     D:8: 1735 daAuts
  Lair:4: 1703 daAuts
     D:7: 1688 daAuts
    D:15: 1664 daAuts
     D:6: 1562 daAuts
     D:1: 1545 daAuts
Gauntlet: 1352 daAuts
     D:2: 1313 daAuts
  Lair:6: 1288 daAuts
     D:5: 1285 daAuts
    D:11: 1245 daAuts
    D:14: 1224 daAuts
